Pick #1

Connor Bedard
Pick #2

Leo Carlsson
Pick #3

Adam Fantilli
Pick #4

Matvei Michkov
Pick #5

David Reinbacher
Pick #6

William Smith
Pick #7

Zachary Benson
Pick #8

Ryan Leonard
Pick #9

Gabriel Perreault
Pick #10

Axel Sandin-Pellika
Pick #11

Daniil But
Pick #12

Dalibor Dvorsky
Pick #13

Quentin Musty
Pick #14

Brayden Yager
Pick #15

Dmitry Simashev
Pick #16

Colby Barlow
Pick #17

Andrew Cristall
Pick #18

Easton Cowan
Pick #19

Jacob Fowler
Pick #20

Oliver Moore
Pick #21

Oliver Bonk
Pick #22

Tom Willander
Pick #23

Calum Ritchie
Pick #24

Tanner Molendyk
Pick #25

Gavin Brindley
Pick #26

Nate Danielson
Pick #27

Pick #28

Pick #29

Pick #30

Pick #31

Pick #32

Pick #33

Pick #34

Pick #35

Pick #36

Pick #37

Pick #38

Pick #39

Pick #40

Pick #41

Pick #42

Pick #43

Pick #44

Pick #45

Pick #46

Pick #47

Pick #48

Pick #49

Pick #50

Pick #51

Pick #52

Pick #53

Pick #54

Pick #55

Pick #56

Pick #57

Pick #58

Pick #59

Pick #60

Pick #61

Pick #62

Pick #63

Pick #64

Pick #65

Pick #66

Pick #67

Pick #68

Pick #69

Pick #70

Pick #71

Pick #72

Pick #73

Pick #74

Pick #75

Pick #76

Pick #77

Pick #78

Pick #79

Pick #80

Pick #81

Pick #82

Pick #83

Pick #84

Pick #85

Pick #86

Pick #87

Pick #88

Pick #89

Pick #90

Pick #91

Pick #92

Pick #93

Pick #94

Pick #95

Pick #96

Pick #97

Pick #98

Pick #99

Pick #100

Pick #101

Pick #102

Pick #103

Pick #104

Pick #105

Pick #106

Pick #107

Pick #108

Pick #109

Pick #110

Pick #111

Pick #112

Pick #113

Pick #114

Pick #115

Pick #116

Pick #117

Pick #118

Pick #119

Pick #120

Pick #121

Pick #122

Pick #123

Pick #124

Pick #125

Pick #126

Pick #127

Pick #128

Pick #129

Pick #130

Full Scoreboard »»

Flyers vs Canucks

Created - March 5, 2024 at 11:45

Goals
1 2 3 OT1 T
Flyers 1 0 1 1 3
Canucks 0 0 2 0 2
Shots
1 2 3 OT1 T
Flyers 3 13 10 4 30
Canucks 4 4 15 4 27

GoalsPenalties
1st period
1. Flyers , Brandon Tanev 13 (Dante Fabbro 18) at 18:38
Bowen Byram (VAN) for Holding (Minor) at 13:34
2nd period
No Goal
Ty Smith (VAN) for High sticking (Minor) at 2:03
Mitch Marner (VAN) for Interference (Minor) at 13:02
Jacob Trouba (VAN) for Cross-checking (Minor) at 16:19
Brandon Tanev (PHI) for Holding (Minor) at 16:19
3rd period
2. Canucks , Bowen Byram 11 (Mitch Marner 37, Ryan Nugent-Hopkins 27) at 7:55 (PP)
3. Canucks , Ryan Nugent-Hopkins 23 (Mitch Marner 38, Jacob Trouba 17) at 11:54
4. Flyers , William Nylander 16 (Robert Thomas 34, Vince Dunn 29) at 16:03
Boone Jenner (VAN) for Hooking (Minor) at 4:47
Brandon Tanev (PHI) for Hooking (Minor) at 7:29
Overtime #1
5. Flyers , William Nylander 17 (Aaron Ekblad 36, Robert Thomas 35) at 3:52
No Penalty
Goalie Stats
Linus Ullmark (PHI), 25 saves from 27 shots - (0.926), W, 41-17-4, 63:53 minutes
Jeremy Swayman (VAN), 27 saves from 30 shots - (0.900), OTL, 23-18-6, 63:53 minutes
3 StarsOfficial
1 - William Nylander (PHI)
2 - Robert Thomas (PHI)
3 - Ryan Nugent-Hopkins (VAN)
Referees : Terry Koharski and Francis Charron
Linesman : Greg Devorski and Jeff Walker
Game Note
No Game Note
Finance
Level 1 -- Attendance: 5975 (91.92%) -- Ticket Income $717,000
Level 2 -- Attendance: 4823 (96.46%) -- Ticket Income $409,955
Level 3 -- Attendance: 3301 (94.31%) -- Ticket Income $165,050
Level 4 -- Attendance: 2910 (100.00%) -- Ticket Income $101,850
Luxury Box -- Attendance: 994 (99.40%) -- Ticket Income $198,800
Game was played at the Rogers Arena.
Total Attendance: 18003 (95.20%)
Total Ticket Income: $1,592,655
Other Income: $398,164
Total Income: $1,990,819



Team Name Goals Shots Shots Attemp Shots Blocked PIM HIT PP PK FO%
Flyers 3306574140 / 4 (0%)156%
Canucks 227541110211 / 1 (100%)044%

Flyers
Player Name POS G A P +/- PIM HIT SHT SB MP PP MP PP SHT PK MP PK SHT FO% FOT
Aaron EkbladD0111003225:253:3020:0000% 0
Alex PietrangeloD0000021124:524:0510:0000% 0
Brandon TanevLW1010422014:374:0500:00063% 8
Calle JarnkrokC000000009:180:0000:260100% 4
Chris TanevD0001010017:230:2100:2600% 0
Dante FabbroD0110010015:050:0000:0000% 0
Eetu LuostarinenC0000011010:550:2100:00036% 14
Eric StaalC000000008:210:0000:0000% 0
Erik BrannstromD0000010115:050:0000:0000% 0
Jake DeBruskLW0001013018:104:0500:0000% 0
Jared McCannLW0000032022:303:5100:00050% 2
Joel FarabeeLW0000002014:394:0520:0000% 0
Johnny GaudreauLW0000003022:513:5110:0000% 2
Mika ZibanejadC0000003018:290:0000:00070% 27
Robert ThomasC0222004020:063:3000:00046% 26
Sam LaffertyC000002018:210:0000:0000% 0
Vince DunnD0111001121:583:5100:2600% 0
William NylanderRW2022005121:074:0520:260100% 1
Canucks
Player Name POS G A P +/- PIM HIT SHT SB MP PP MP PP SHT PK MP PK SHT FO% FOT
Boone JennerC000-1203014:340:0003:15087% 15
Bowen ByramD1010243026:540:2613:2600% 0
Brayden PointC000-1016022:020:2601:20033% 27
Cody GlassC0000010010:130:0004:37013% 8
Conor GarlandRW000000119:440:0000:0000% 3
Evan RodriguesC000000005:410:0000:1200% 0
J.J. MoserD000-1010319:420:0001:3500% 0
Jacob TroubaD011-2250223:200:0003:5000% 0
Jason ZuckerLW0000051017:590:0001:3800% 0
Jordan SpenceD0000000422:550:0003:3000% 0
Kevin HayesC0000001011:280:0001:440100% 1
Martin NecasC000-1012021:230:2600:0000% 1
Mathew BarzalC000-1033020:030:0000:00060% 5
Michael EyssimontC000000005:290:0000:0000% 0
Mitch MarnerC/LW/RW0220205022:210:2603:06050% 6
Ryan Nugent-HopkinsC112-1002017:180:2600:00039% 18
Scott HarringtonD0000000014:240:0001:0400% 0
Ty SmithD0000200116:090:0002:2700% 0



Play-by-Play

1st period


0:01 of 1st period - Mika Zibanejad wins face-off versus Brayden Point in neutral zone.
0:20 of 1st period - Shot by Jared McCann.
0:20 of 1st period - Shot Misses the Net.
0:22 of 1st period - Shot by Alex Pietrangelo.
0:22 of 1st period - Shot Misses the Net.
0:24 of 1st period - Shot by Mika Zibanejad.
0:24 of 1st period - Shot Misses the Net.
0:26 of 1st period - Shot by Aaron Ekblad.
0:26 of 1st period - Stopped by Jeremy Swayman without a rebound.
0:27 of 1st period - Robert Thomas wins face-off versus Ryan Nugent-Hopkins in Canucks zone.
0:42 of 1st period - Icing by Chris Tanev.
0:43 of 1st period - Boone Jenner wins face-off versus Robert Thomas in Flyers zone.
1:14 of 1st period - Shot by Kevin Hayes.
1:14 of 1st period - Stopped by Linus Ullmark without a rebound.
1:15 of 1st period - Eetu Luostarinen wins face-off versus Ryan Nugent-Hopkins in Flyers zone.
1:36 of 1st period - Shot by Ryan Nugent-Hopkins.
1:36 of 1st period - Stopped by Linus Ullmark without a rebound.
1:37 of 1st period - Cody Glass wins face-off versus Johnny Gaudreau in Flyers zone.
2:40 of 1st period - Jacob Trouba is hit by Sam Lafferty and loses puck.
3:44 of 1st period - Shot by Mitch Marner.
3:44 of 1st period - Shot Blocked by Erik Brannstrom.
4:20 of 1st period - Icing by Jordan Spence.
4:21 of 1st period - Kevin Hayes wins face-off versus Robert Thomas in Canucks zone.
8:10 of 1st period - Jacob Trouba is hit by Eetu Luostarinen and loses puck.
8:48 of 1st period - Off-side.
8:49 of 1st period - Calle Jarnkrok wins face-off versus Brayden Point in neutral zone.
9:09 of 1st period - Ty Smith is hit by Chris Tanev and loses puck.
10:22 of 1st period - Icing by Bowen Byram.
10:23 of 1st period - Mitch Marner wins face-off versus Eetu Luostarinen in Canucks zone.
10:42 of 1st period - Icing by Aaron Ekblad.
10:43 of 1st period - Brayden Point wins face-off versus Eetu Luostarinen in Flyers zone.
10:50 of 1st period - Shot by Brayden Point.
10:50 of 1st period - Stopped by Linus Ullmark with a rebound.
11:00 of 1st period - Shot by Brayden Point.
11:00 of 1st period - Stopped by Linus Ullmark without a rebound.
11:01 of 1st period - Mika Zibanejad wins face-off versus Boone Jenner in Flyers zone.
11:26 of 1st period - Shot by Conor Garland.
11:26 of 1st period - Shot Misses the Net.
11:29 of 1st period - Icing by Jared McCann.
11:30 of 1st period - Mika Zibanejad wins face-off versus Ryan Nugent-Hopkins in Flyers zone.
11:30 of 1st period - Mika Zibanejad is hit by Jason Zucker.
12:31 of 1st period - Robert Thomas is hit by Jacob Trouba and loses puck.
12:44 of 1st period - Jake DeBrusk is hit by Jason Zucker and loses puck.
13:24 of 1st period - Eetu Luostarinen is hit by Bowen Byram and loses puck.
13:28 of 1st period - Eetu Luostarinen is hit by Bowen Byram and loses puck.
13:34 of 1st period - Minor Penalty to Bowen Byram for Holding.
13:35 of 1st period - Boone Jenner wins face-off versus Robert Thomas in Canucks zone.
14:32 of 1st period - Shot by Joel Farabee.
14:32 of 1st period - Stopped by Jeremy Swayman without a rebound.
14:33 of 1st period - Brandon Tanev wins face-off versus Cody Glass in Canucks zone.
14:36 of 1st period - Shot by Jake DeBrusk.
14:36 of 1st period - Shot Misses the Net.
16:41 of 1st period - Icing by Jacob Trouba.
16:42 of 1st period - Mika Zibanejad wins face-off versus Ryan Nugent-Hopkins in Canucks zone.
17:58 of 1st period - Icing by Chris Tanev.
17:59 of 1st period - Robert Thomas wins face-off versus Brayden Point in Flyers zone.
18:36 of 1st period - Shot by Brandon Tanev.
18:36 of 1st period - Shot Misses the Net.
18:38 of 1st period - Shot by Brandon Tanev.
18:38 of 1st period - Goal by Brandon Tanev - Flyers : 1 - Canucks : 0.
18:39 of 1st period - Mika Zibanejad wins face-off versus Ryan Nugent-Hopkins in neutral zone.
18:44 of 1st period - Ryan Nugent-Hopkins is hit by Jared McCann and loses puck.
19:11 of 1st period - Shot by Jared McCann.
19:11 of 1st period - Shot Misses the Net.
19:51 of 1st period - Shot by Evan Rodrigues.
19:51 of 1st period - Shot Misses the Net.
Goals for this period are 1 for Flyers vs 0 for Canucks.
Shots for this period are 3 for Flyers vs 4 for Canucks.

2nd period


0:01 of 2nd period - Jared McCann wins face-off versus Brayden Point in neutral zone.
0:03 of 2nd period - Off-side.
0:04 of 2nd period - Mika Zibanejad wins face-off versus Brayden Point in neutral zone.
0:28 of 2nd period - Shot by Martin Necas.
0:28 of 2nd period - Stopped by Linus Ullmark without a rebound.
0:29 of 2nd period - Boone Jenner wins face-off versus Robert Thomas in Flyers zone.
0:48 of 2nd period - Shot by Robert Thomas.
0:48 of 2nd period - Stopped by Jeremy Swayman without a rebound.
0:49 of 2nd period - Mika Zibanejad wins face-off versus Brayden Point in Canucks zone.
1:02 of 2nd period - Shot by Johnny Gaudreau.
1:02 of 2nd period - Shot Misses the Net.
1:04 of 2nd period - Shot by Jared McCann.
1:04 of 2nd period - Stopped by Jeremy Swayman without a rebound.
1:05 of 2nd period - Eetu Luostarinen wins face-off versus Ryan Nugent-Hopkins in Canucks zone.
1:05 of 2nd period - Eetu Luostarinen is hit by Jacob Trouba.
1:17 of 2nd period - Shot by Eetu Luostarinen.
1:17 of 2nd period - Deflect By Brandon Tanev.
1:17 of 2nd period - Shot Blocked by J.J. Moser.
1:35 of 2nd period - Shot by Mitch Marner.
1:35 of 2nd period - Stopped by Linus Ullmark without a rebound.
1:36 of 2nd period - Brayden Point wins face-off versus Mika Zibanejad in Flyers zone.
1:39 of 2nd period - Shot by Brayden Point.
1:39 of 2nd period - Shot Misses the Net.
1:48 of 2nd period - Icing by Mika Zibanejad.
1:49 of 2nd period - Boone Jenner wins face-off versus Mika Zibanejad in Flyers zone.
2:03 of 2nd period - Minor Penalty to Ty Smith for High sticking.
2:04 of 2nd period - Boone Jenner wins face-off versus Brandon Tanev in Canucks zone.
2:20 of 2nd period - Shot by Alex Pietrangelo.
2:20 of 2nd period - Shot Misses the Net.
2:24 of 2nd period - Shot by Jake DeBrusk.
2:24 of 2nd period - Shot Blocked by Jacob Trouba.
2:26 of 2nd period - Shot by Alex Pietrangelo.
2:26 of 2nd period - Stopped by Jeremy Swayman without a rebound.
2:27 of 2nd period - Boone Jenner wins face-off versus Robert Thomas in Canucks zone.
3:34 of 2nd period - Shot by William Nylander.
3:34 of 2nd period - Stopped by Jeremy Swayman without a rebound.
3:35 of 2nd period - Boone Jenner wins face-off versus Brandon Tanev in Canucks zone.
4:03 of 2nd period - Shot by Joel Farabee.
4:03 of 2nd period - Shot Misses the Net.
4:21 of 2nd period - Brayden Point is hit by Dante Fabbro and loses puck.
4:57 of 2nd period - Icing by Dante Fabbro.
4:58 of 2nd period - Calle Jarnkrok wins face-off versus Mitch Marner in Flyers zone.
4:58 of 2nd period - Calle Jarnkrok is hit by Jason Zucker.
5:04 of 2nd period - Ryan Nugent-Hopkins is hit by Sam Lafferty and loses puck.
5:16 of 2nd period - Shot by Jacob Trouba.
5:16 of 2nd period - Shot Blocked by Sam Lafferty.
5:20 of 2nd period - Shot by Ryan Nugent-Hopkins.
5:20 of 2nd period - Shot Misses the Net.
5:25 of 2nd period - Mitch Marner is hit by Erik Brannstrom and loses puck.
5:49 of 2nd period - Sam Lafferty is hit by J.J. Moser and loses puck.
5:56 of 2nd period - Eric Staal is hit by Jason Zucker and loses puck.
6:04 of 2nd period - Icing by Dante Fabbro.
6:05 of 2nd period - Calle Jarnkrok wins face-off versus Brayden Point in Flyers zone.
6:05 of 2nd period - Dante Fabbro is hit by Martin Necas and loses puck.
7:22 of 2nd period - Shot by Boone Jenner.
7:22 of 2nd period - Stopped by Linus Ullmark without a rebound.
7:23 of 2nd period - Mika Zibanejad wins face-off versus Cody Glass in Flyers zone.
8:39 of 2nd period - Shot by Robert Thomas.
8:39 of 2nd period - Stopped by Jeremy Swayman with a rebound.
8:41 of 2nd period - Shot by Jake DeBrusk.
8:41 of 2nd period - Stopped by Jeremy Swayman without a rebound.
8:42 of 2nd period - Brayden Point wins face-off versus Eetu Luostarinen in Canucks zone.
8:51 of 2nd period - Eetu Luostarinen is hit by Mathew Barzal and loses puck.
9:23 of 2nd period - Icing by Vince Dunn.
9:24 of 2nd period - Mitch Marner wins face-off versus Eetu Luostarinen in Flyers zone.
10:09 of 2nd period - Shot by Johnny Gaudreau.
10:09 of 2nd period - Stopped by Jeremy Swayman without a rebound.
10:10 of 2nd period - Boone Jenner wins face-off versus Robert Thomas in Canucks zone.
10:21 of 2nd period - Shot by Boone Jenner.
10:21 of 2nd period - Shot Blocked by William Nylander.
10:39 of 2nd period - Shot by Boone Jenner.
10:39 of 2nd period - Stopped by Linus Ullmark without a rebound.
10:40 of 2nd period - Mika Zibanejad wins face-off versus Brayden Point in Flyers zone.
10:53 of 2nd period - Shot by Mika Zibanejad.
10:53 of 2nd period - Stopped by Jeremy Swayman without a rebound.
10:54 of 2nd period - Ryan Nugent-Hopkins wins face-off versus Eetu Luostarinen in Canucks zone.
11:02 of 2nd period - Brandon Tanev is hit by Jason Zucker.
11:03 of 2nd period - Icing by Brandon Tanev.
11:04 of 2nd period - Mathew Barzal wins face-off versus Eetu Luostarinen in Flyers zone.
11:48 of 2nd period - Icing by Jacob Trouba.
11:49 of 2nd period - Brayden Point wins face-off versus Mika Zibanejad in Canucks zone.
12:19 of 2nd period - Shot by Mika Zibanejad.
12:19 of 2nd period - Stopped by Jeremy Swayman with a rebound.
12:33 of 2nd period - Shot by Conor Garland.
12:33 of 2nd period - Shot Misses the Net.
12:35 of 2nd period - Shot by Jordan Spence.
12:35 of 2nd period - Shot Misses the Net.
12:46 of 2nd period - Off-side.
12:47 of 2nd period - Robert Thomas wins face-off versus Mitch Marner in neutral zone.
12:50 of 2nd period - Shot by William Nylander.
12:50 of 2nd period - Shot Misses the Net.
13:02 of 2nd period - Minor Penalty to Mitch Marner for Interference.
13:03 of 2nd period - Boone Jenner wins face-off versus Brandon Tanev in Canucks zone.
14:01 of 2nd period - Shot by Aaron Ekblad.
14:01 of 2nd period - Stopped by Jeremy Swayman with a rebound.
14:51 of 2nd period - Shot by William Nylander.
14:51 of 2nd period - Stopped by Jeremy Swayman with a rebound.
14:53 of 2nd period - Shot by Joel Farabee.
14:53 of 2nd period - Stopped by Jeremy Swayman with a rebound.
14:55 of 2nd period - Shot by Joel Farabee.
14:55 of 2nd period - Deflect By Jake DeBrusk.
14:55 of 2nd period - Shot Misses the Net.
14:57 of 2nd period - Shot by Jake DeBrusk.
14:57 of 2nd period - Shot Misses the Net.
14:59 of 2nd period - Shot by Alex Pietrangelo.
14:59 of 2nd period - Shot Misses the Net.
15:32 of 2nd period - Eric Staal is hit by Mathew Barzal.
16:19 of 2nd period - Minor Penalty to Jacob Trouba for Cross-checking.
16:19 of 2nd period - Minor Penalty to Brandon Tanev for Holding.
16:20 of 2nd period - Robert Thomas wins face-off versus Boone Jenner in Canucks zone.
16:23 of 2nd period - Shot by William Nylander.
16:23 of 2nd period - Shot Blocked by Jordan Spence.
16:25 of 2nd period - Shot by Aaron Ekblad.
16:25 of 2nd period - Shot Blocked by Jordan Spence.
16:45 of 2nd period - Shot by William Nylander.
16:45 of 2nd period - Stopped by Jeremy Swayman without a rebound.
16:46 of 2nd period - Robert Thomas wins face-off versus Brayden Point in Canucks zone.
17:53 of 2nd period - Shot by Mitch Marner.
17:53 of 2nd period - Shot Misses the Net.
18:21 of 2nd period - Shot by Johnny Gaudreau.
18:21 of 2nd period - Deflect By Eetu Luostarinen.
18:21 of 2nd period - Shot Misses the Net.
18:23 of 2nd period - Shot by Dante Fabbro.
18:23 of 2nd period - Shot Misses the Net.
19:04 of 2nd period - Joel Farabee is hit by Jacob Trouba and loses puck.
Goals for this period are 0 for Flyers vs 0 for Canucks.
Shots for this period are 13 for Flyers vs 4 for Canucks.

3rd period


0:01 of 3rd period - Brayden Point wins face-off versus Robert Thomas in neutral zone.
0:15 of 3rd period - Off-side.
0:16 of 3rd period - Mika Zibanejad wins face-off versus Ryan Nugent-Hopkins in neutral zone.
0:28 of 3rd period - Shot by Johnny Gaudreau.
0:28 of 3rd period - Stopped by Jeremy Swayman without a rebound.
0:29 of 3rd period - Robert Thomas wins face-off versus Brayden Point in Canucks zone.
1:39 of 3rd period - Vince Dunn is hit by Mathew Barzal and loses puck.
1:55 of 3rd period - Shot by Jared McCann.
1:55 of 3rd period - Stopped by Jeremy Swayman without a rebound.
1:56 of 3rd period - Ryan Nugent-Hopkins wins face-off versus Eetu Luostarinen in Canucks zone.
2:07 of 3rd period - Shot by Dante Fabbro.
2:07 of 3rd period - Shot Blocked by J.J. Moser.
3:00 of 3rd period - Shot by Conor Garland.
3:00 of 3rd period - Stopped by Linus Ullmark without a rebound.
3:01 of 3rd period - Mika Zibanejad wins face-off versus Cody Glass in Flyers zone.
3:19 of 3rd period - Shot by Cody Glass.
3:19 of 3rd period - Shot Misses the Net.
4:13 of 3rd period - Kevin Hayes is hit by Jake DeBrusk and loses puck.
4:38 of 3rd period - Shot by William Nylander.
4:38 of 3rd period - Shot Blocked by J.J. Moser.
4:47 of 3rd period - Minor Penalty to Boone Jenner for Hooking.
4:48 of 3rd period - Brandon Tanev wins face-off versus Cody Glass in Canucks zone.
4:48 of 3rd period - Brandon Tanev is hit by Bowen Byram.
5:00 of 3rd period - Joel Farabee is hit by Cody Glass and loses puck.
5:24 of 3rd period - Icing by Brandon Tanev.
5:25 of 3rd period - Brandon Tanev wins face-off versus Cody Glass in Flyers zone.
6:16 of 3rd period - Shot by Johnny Gaudreau.
6:16 of 3rd period - Stopped by Jeremy Swayman without a rebound.
6:17 of 3rd period - Robert Thomas wins face-off versus Cody Glass in Canucks zone.
6:42 of 3rd period - Shot by Aaron Ekblad.
6:42 of 3rd period - Stopped by Jeremy Swayman without a rebound.
6:43 of 3rd period - Brandon Tanev wins face-off versus Brayden Point in Canucks zone.
7:00 of 3rd period - Icing by Ty Smith.
7:01 of 3rd period - Eetu Luostarinen wins face-off versus Conor Garland in Canucks zone.
7:29 of 3rd period - Minor Penalty to Brandon Tanev for Hooking.
7:30 of 3rd period - Calle Jarnkrok wins face-off versus Brayden Point in Flyers zone.
7:49 of 3rd period - Shot by Ryan Nugent-Hopkins.
7:49 of 3rd period - Shot Misses the Net.
7:51 of 3rd period - Shot by Mitch Marner.
7:51 of 3rd period - Shot Misses the Net.
7:53 of 3rd period - Shot by Mitch Marner.
7:53 of 3rd period - Shot Misses the Net.
7:55 of 3rd period - Shot by Bowen Byram.
7:55 of 3rd period - Goal by Bowen Byram - Flyers : 1 - Canucks : 1.
7:56 of 3rd period - Mika Zibanejad wins face-off versus Cody Glass in neutral zone.
8:19 of 3rd period - Shot by Johnny Gaudreau.
8:19 of 3rd period - Shot Blocked by Jacob Trouba.
8:37 of 3rd period - Jared McCann is hit by Jacob Trouba and loses puck.
9:03 of 3rd period - Icing by Ryan Nugent-Hopkins.
9:04 of 3rd period - Ryan Nugent-Hopkins wins face-off versus Robert Thomas in Canucks zone.
9:38 of 3rd period - Icing by Ryan Nugent-Hopkins.
9:39 of 3rd period - Ryan Nugent-Hopkins wins face-off versus Eetu Luostarinen in Canucks zone.
9:39 of 3rd period - Jason Zucker is hit by Brandon Tanev and loses puck.
10:10 of 3rd period - Shot by Brayden Point.
10:10 of 3rd period - Stopped by Linus Ullmark without a rebound.
10:11 of 3rd period - Robert Thomas wins face-off versus Conor Garland in Flyers zone.
10:19 of 3rd period - Icing by Ty Smith.
10:20 of 3rd period - Boone Jenner wins face-off versus Mika Zibanejad in Canucks zone.
10:24 of 3rd period - Kevin Hayes is hit by Alex Pietrangelo and loses puck.
10:35 of 3rd period - Shot by Conor Garland.
10:35 of 3rd period - Deflect By Boone Jenner.
10:35 of 3rd period - Shot Blocked by Aaron Ekblad.
10:37 of 3rd period - Shot by Boone Jenner.
10:37 of 3rd period - Shot Misses the Net.
10:50 of 3rd period - Conor Garland is hit by Alex Pietrangelo and loses puck.
10:53 of 3rd period - Shot by Boone Jenner.
10:53 of 3rd period - Shot Misses the Net.
10:55 of 3rd period - Shot by Kevin Hayes.
10:55 of 3rd period - Deflect By Boone Jenner.
10:55 of 3rd period - Shot Hit the Post.
10:57 of 3rd period - Shot by Kevin Hayes.
10:57 of 3rd period - Shot Misses the Net.
10:59 of 3rd period - Shot by Boone Jenner.
10:59 of 3rd period - Stopped by Linus Ullmark without a rebound.
11:00 of 3rd period - Robert Thomas wins face-off versus Brayden Point in Flyers zone.
11:25 of 3rd period - Shot by Mathew Barzal.
11:25 of 3rd period - Stopped by Linus Ullmark without a rebound.
11:26 of 3rd period - Eetu Luostarinen wins face-off versus Mitch Marner in Flyers zone.
11:54 of 3rd period - Shot by Ryan Nugent-Hopkins.
11:54 of 3rd period - Goal by Ryan Nugent-Hopkins - Flyers : 1 - Canucks : 2.
11:55 of 3rd period - Mika Zibanejad wins face-off versus Brayden Point in neutral zone.
12:08 of 3rd period - Brayden Point is hit by Jared McCann.
12:56 of 3rd period - Robert Thomas is hit by Jacob Trouba and loses puck.
13:23 of 3rd period - Shot by Jake DeBrusk.
13:23 of 3rd period - Stopped by Jeremy Swayman without a rebound.
13:24 of 3rd period - Boone Jenner wins face-off versus Eetu Luostarinen in Canucks zone.
13:24 of 3rd period - Boone Jenner is hit by Brandon Tanev.
13:46 of 3rd period - Shot by Eetu Luostarinen.
13:46 of 3rd period - Deflect By Joel Farabee.
13:46 of 3rd period - Shot Blocked by Conor Garland.
13:54 of 3rd period - Shot by Joel Farabee.
13:54 of 3rd period - Shot Misses the Net.
13:56 of 3rd period - Shot by Brandon Tanev.
13:56 of 3rd period - Shot Misses the Net.
13:58 of 3rd period - Shot by Brandon Tanev.
13:58 of 3rd period - Stopped by Jeremy Swayman without a rebound.
13:59 of 3rd period - Mika Zibanejad wins face-off versus Ryan Nugent-Hopkins in Canucks zone.
14:03 of 3rd period - Icing by Ryan Nugent-Hopkins.
14:04 of 3rd period - Mika Zibanejad wins face-off versus Ryan Nugent-Hopkins in Canucks zone.
14:21 of 3rd period - Shot by Mitch Marner.
14:21 of 3rd period - Shot Blocked by Alex Pietrangelo.
14:23 of 3rd period - Shot by Mitch Marner.
14:23 of 3rd period - Stopped by Linus Ullmark without a rebound.
14:24 of 3rd period - Brayden Point wins face-off versus Robert Thomas in Flyers zone.
15:05 of 3rd period - Shot by Mathew Barzal.
15:05 of 3rd period - Stopped by Linus Ullmark without a rebound.
15:06 of 3rd period - Mitch Marner wins face-off versus Mika Zibanejad in Flyers zone.
15:29 of 3rd period - Shot by Ryan Nugent-Hopkins.
15:29 of 3rd period - Shot Misses the Net.
15:31 of 3rd period - Shot by Jason Zucker.
15:31 of 3rd period - Deflect By Mitch Marner.
15:31 of 3rd period - Stopped by Linus Ullmark without a rebound.
15:32 of 3rd period - Brandon Tanev wins face-off versus Conor Garland in Flyers zone.
15:34 of 3rd period - Icing by Joel Farabee.
15:35 of 3rd period - Eetu Luostarinen wins face-off versus Brayden Point in Flyers zone.
15:47 of 3rd period - Shot by Brayden Point.
15:47 of 3rd period - Stopped by Linus Ullmark without a rebound.
15:48 of 3rd period - Ryan Nugent-Hopkins wins face-off versus Robert Thomas in Flyers zone.
16:03 of 3rd period - Shot by William Nylander.
16:03 of 3rd period - Goal by William Nylander - Flyers : 2 - Canucks : 2.
16:04 of 3rd period - Brayden Point wins face-off versus Mika Zibanejad in neutral zone.
16:07 of 3rd period - Shot by Bowen Byram.
16:07 of 3rd period - Stopped by Linus Ullmark without a rebound.
16:08 of 3rd period - Mika Zibanejad wins face-off versus Brayden Point in Flyers zone.
16:27 of 3rd period - Shot by Brayden Point.
16:27 of 3rd period - Stopped by Linus Ullmark without a rebound.
16:28 of 3rd period - William Nylander wins face-off versus Ryan Nugent-Hopkins in Flyers zone.
16:37 of 3rd period - Shot by Jason Zucker.
16:37 of 3rd period - Stopped by Linus Ullmark without a rebound.
16:38 of 3rd period - Mika Zibanejad wins face-off versus Martin Necas in Flyers zone.
16:38 of 3rd period - Alex Pietrangelo is hit by Brayden Point.
16:47 of 3rd period - Icing by Jordan Spence.
16:48 of 3rd period - Brayden Point wins face-off versus Robert Thomas in Canucks zone.
17:08 of 3rd period - Shot by Jake DeBrusk.
17:08 of 3rd period - Shot Blocked by Jordan Spence.
17:10 of 3rd period - Shot by Vince Dunn.
17:10 of 3rd period - Stopped by Jeremy Swayman without a rebound.
17:11 of 3rd period - Ryan Nugent-Hopkins wins face-off versus Mika Zibanejad in Canucks zone.
17:11 of 3rd period - Ryan Nugent-Hopkins is hit by Jared McCann.
17:24 of 3rd period - Off-side.
17:25 of 3rd period - Brayden Point wins face-off versus Robert Thomas in neutral zone.
17:50 of 3rd period - Shot by Robert Thomas.
17:50 of 3rd period - Stopped by Jeremy Swayman without a rebound.
17:51 of 3rd period - Mika Zibanejad wins face-off versus Ryan Nugent-Hopkins in Canucks zone.
17:52 of 3rd period - Shot by Johnny Gaudreau.
17:52 of 3rd period - Shot Misses the Net.
18:34 of 3rd period - Shot by Mitch Marner.
18:34 of 3rd period - Stopped by Linus Ullmark without a rebound.
18:35 of 3rd period - Robert Thomas wins face-off versus Brayden Point in Flyers zone.
18:39 of 3rd period - Robert Thomas is hit by Bowen Byram and loses puck.
18:58 of 3rd period - Shot by Jake DeBrusk.
18:58 of 3rd period - Shot Blocked by Jordan Spence.
19:45 of 3rd period - Shot by Eetu Luostarinen.
19:45 of 3rd period - Stopped by Jeremy Swayman without a rebound.
19:46 of 3rd period - Ryan Nugent-Hopkins wins face-off versus Mika Zibanejad in Canucks zone.
19:55 of 3rd period - Shot by Mitch Marner.
19:55 of 3rd period - Stopped by Linus Ullmark without a rebound.
19:56 of 3rd period - Boone Jenner wins face-off versus Johnny Gaudreau in Flyers zone.
Goals for this period are 1 for Flyers vs 2 for Canucks.
Shots for this period are 10 for Flyers vs 15 for Canucks.

Overtime #1


0:01 of 1st overtime period - Mathew Barzal wins face-off versus Robert Thomas in neutral zone.
0:12 of 1st overtime period - Shot by Robert Thomas.
0:12 of 1st overtime period - Stopped by Jeremy Swayman without a rebound.
0:13 of 1st overtime period - Robert Thomas wins face-off versus Mathew Barzal in Canucks zone.
0:23 of 1st overtime period - Icing by Mathew Barzal.
0:24 of 1st overtime period - Robert Thomas wins face-off versus Mathew Barzal in Canucks zone.
0:53 of 1st overtime period - Shot by Mathew Barzal.
0:53 of 1st overtime period - Shot Blocked by Aaron Ekblad.
1:01 of 1st overtime period - Shot by Mathew Barzal.
1:01 of 1st overtime period - Stopped by Linus Ullmark without a rebound.
1:02 of 1st overtime period - Mika Zibanejad wins face-off versus Brayden Point in Flyers zone.
1:39 of 1st overtime period - Shot by Mika Zibanejad.
1:39 of 1st overtime period - Shot Misses the Net.
1:41 of 1st overtime period - Shot by Mika Zibanejad.
1:41 of 1st overtime period - Shot Blocked by Ty Smith.
1:43 of 1st overtime period - Shot by Mika Zibanejad.
1:43 of 1st overtime period - Stopped by Jeremy Swayman with a rebound.
1:45 of 1st overtime period - Shot by Johnny Gaudreau.
1:45 of 1st overtime period - Shot Misses the Net.
2:19 of 1st overtime period - Shot by Martin Necas.
2:19 of 1st overtime period - Stopped by Linus Ullmark with a rebound.
2:21 of 1st overtime period - Shot by Bowen Byram.
2:21 of 1st overtime period - Stopped by Linus Ullmark without a rebound.
2:22 of 1st overtime period - Mathew Barzal wins face-off versus Jared McCann in Flyers zone.
2:29 of 1st overtime period - Shot by Bowen Byram.
2:29 of 1st overtime period - Shot Blocked by Vince Dunn.
2:31 of 1st overtime period - Shot by Bowen Byram.
2:31 of 1st overtime period - Shot Misses the Net.
2:33 of 1st overtime period - Shot by Bowen Byram.
2:33 of 1st overtime period - Shot Misses the Net.
2:35 of 1st overtime period - Shot by Mathew Barzal.
2:35 of 1st overtime period - Shot Misses the Net.
3:03 of 1st overtime period - Shot by Jared McCann.
3:03 of 1st overtime period - Deflect By Jake DeBrusk.
3:03 of 1st overtime period - Stopped by Jeremy Swayman with a rebound.
3:21 of 1st overtime period - Shot by Brayden Point.
3:21 of 1st overtime period - Stopped by Linus Ullmark without a rebound.
3:22 of 1st overtime period - Boone Jenner wins face-off versus Robert Thomas in Flyers zone.
3:25 of 1st overtime period - Shot by Ryan Nugent-Hopkins.
3:25 of 1st overtime period - Shot Misses the Net.
3:34 of 1st overtime period - Shot by Robert Thomas.
3:34 of 1st overtime period - Deflect By William Nylander.
3:34 of 1st overtime period - Shot Misses the Net.
3:40 of 1st overtime period - Shot by Robert Thomas.
3:40 of 1st overtime period - Shot Misses the Net.
3:48 of 1st overtime period - Shot by William Nylander.
3:48 of 1st overtime period - Shot Misses the Net.
3:50 of 1st overtime period - Shot by Aaron Ekblad.
3:50 of 1st overtime period - Shot Misses the Net.
3:52 of 1st overtime period - Shot by William Nylander.
3:52 of 1st overtime period - Goal by William Nylander - Flyers : 3 - Canucks : 2.
Goals for this period are 1 for Flyers vs 0 for Canucks.
Shots for this period are 4 for Flyers vs 4 for Canucks.